[Event "VII Totalizator Sportowy 2022"]
[Site "Bydgoszcz"]
[Date "2022.06.28"]
[Round "4.8"]
[White "Navaratnam, Rohan Shan Tze"]
[Black "Hnydiuk, Aleksander"]
[Result "1/2-1/2"]
[ECO "A32"]
[WhiteElo "2071"]
[BlackElo "2394"]
[Annotator "TA"]
[PlyCount "57"]
[EventDate "2022.06.25"]
[EventType "swiss"]
[EventCountry "POL"]
[SourceTitle "playchess.com"]
[Source "ChessBase"]
[SourceQuality "1"]
[TimeControl "40/5400+30:1800+30"]

1. d4 Nf6 2. c4 c5 3. Nf3 cxd4 4. Nxd4 e6 5. g3 d5 6. Bg2 e5 7. Nf3 d4 8. O-O Nc6 9. e3 Be7 10. exd4 exd4 11. Bf4 O-O 12. Ne5 Qb6 {[%emt 0:00:59] The position is equal.} 13. Qb3 {[%emt 0:02:48] 13.Re1 is more advanced technology. E01: Catalan: Early deviations.} Na5 14. Qxb6 axb6 15. Nd2 {[%emt 0:00:06] Against Nb3} Nh5 16. Nb3 {[%emt 0:04:27] [#]} Bd6 $146 {[%emt 0:48:54][%cal Og7g5] ...g5! is the strong threat.} ({Predecessor:} 16... Bf6 17. Nxa5 Rxa5 18. Nd3 Bf5 19. Rfd1 Nxf4 20. gxf4 Rc8 21. b3 Rc7 22. a4 g6 {½-½ (41) Laznicka,V (2676)-Andreikin,D (2720) Skopje 2015}) 17. Bd5 $1 ({Much worse is} 17. Nxd4 g5 18. Nb5 Bb8 19. Bxg5 Bxe5 $15) 17... Nxf4 18. gxf4 Nxb3 19. axb3 Ra5 20. Rfe1 Bb4 21. Rxa5 bxa5 22. Re4 d3 23. Nxd3 Bf5 24. Re3 Bxd3 25. Rxd3 b6 26. Bf3 Re8 27. Rd7 g6 28. f5 Kg7 29. fxg6 {An interesting draw.  Weighted Error Value: White=0.03 (flawless) /Black=0.02 (flawless)} 1/2-1/2

[Event "VII Totalizator Sportowy 2022"]
[Site "Bydgoszcz"]
[Date "2022.06.28"]
[Round "4.9"]
[White "Paprocki, Antoni"]
[Black "Lewtak, Damian"]
[Result "0-1"]
[ECO "A50"]
[WhiteElo "1851"]
[BlackElo "2384"]
[Annotator "TA"]
[PlyCount "116"]
[EventDate "2022.06.25"]
[EventType "swiss"]
[EventCountry "POL"]
[SourceTitle "playchess.com"]
[Source "ChessBase"]
[SourceQuality "1"]
[TimeControl "40/5400+30:1800+30"]

1. d4 Nf6 2. c4 b6 3. Nf3 Bb7 4. Bf4 e6 5. e3 Be7 6. Nc3 Nh5 7. Bg3 d6 8. Bd3 {[%emt 0:02:19] 8.Bd3 was played by the boomers. E12: Queen's Indian: Unusual White 4th moves, 4 a3, 4 Nc3 Bb7 5 a3 and 4 Nc3 Bb7 .} Nd7 9. Qc2 g6 10. O-O-O {[%emt 0:02:53] The position is equal.} a6 11. Kb1 {[%emt 0:05:47] [#]} c6 $146 ({Predecessor:} 11... Rc8 12. Rhe1 O-O 13. h3 {½-½ (13) Demchenko,A (2610)-Meier,G (2628) Chess.com INT 2021}) 12. Be2 Nxg3 13. hxg3 Qc7 14. e4 O-O-O 15. b4 (15. Qd2 $14) 15... Bf6 16. Qb3 c5 17. a3 Kb8 18. Ka2 Ka8 19. e5 (19. Rd2 $11 {keeps the balance.}) 19... cxd4 $17 20. exf6 dxc3 21. Qxc3 e5 $1 22. Nd2 Nxf6 23. Bf3 Rhe8 24. Bxb7+ Qxb7 25. Qf3 Qxf3 26. gxf3 e4 (26... h5 $17) 27. Nxe4 $11 Nxe4 28. fxe4 Rxe4 {[%emt 0:00:09][%mdl 4096] Endgame KRR-KRR} 29. Rhe1 {[%emt 0:03:16] Prevents Re2+.} Re6 30. Rxe6 fxe6 $15 {[%emt 0:00:05] KR-KR} 31. f4 Kb7 32. Kb3 Kc7 33. Kc3 Rf8 34. Rh1 h5 35. Kd4 Rf5 36. Ke4 d5+ (36... Kd7 $142 37. Kf3 b5 38. cxb5 Rxb5) 37. cxd5 $17 exd5+ 38. Kd4 Kd6 39. Re1 $2 (39. Kd3 $17 {was forced.}) 39... h4 40. Rg1 (40. gxh4 $142 Rxf4+ 41. Kd3) 40... hxg3 41. Rxg3 Rxf4+ 42. Ke3 (42. Kc3 $142) 42... Rf6 $19 ({Inferior is} 42... Re4+ 43. Kd3 $17) 43. Kd4 {[%emt 0:00:10] [#]} a5 $1 44. bxa5 bxa5 45. Rg5 Kc6 ({Wrong is} 45... Rf4+ $2 46. Kc3 $19) 46. Rg4 Rd6 47. Rg5 Kb5 $2 (47... Re6 $19 {Threatens to win with ...a4.} 48. Rg1 Re4+ 49. Kc3 Kc5 50. Rxg6 Re3+ 51. Kb2 a4) 48. Rg4 $17 Kc6 $2 (48... a4 $17) 49. Rg5 $1 $19 Rf6 $2 (49... Re6 $19 {aiming for ...a4.} 50. Rg1 Re4+ 51. Kc3 Kc5 52. Rxg6 Re3+ 53. Kb2 a4) 50. Rg3 $2 (50. Rg4 $11) 50... a4 $2 (50... Re6 $19 {is more deadly. White must now prevent ...a4.} 51. Rg1 Re4+ 52. Kc3 Re3+ 53. Kb2 Re6) 51. Rc3+ $2 (51. Rg4 $17) 51... Kd6 {[%emt 0:00:09] Hoping for ...Rf4+. Black is clearly winning.} 52. Rg3 Rf4+ 53. Ke3 {[%emt 0:01:34] [#]} Rh4 $1 54. Kd3 Kc5 55. Kc3 Rh6 (55... d4+ $142 56. Kd3 Rh5) 56. Rg5 Rh3+ 57. Kb2 Rb3+ 58. Ka2 Rb6 {[%emt 0:00:13] Weighted Error Value: White=0.68/Black=0.41} 0-1

[Event "VII Totalizator Sportowy 2022"]
[Site "Bydgoszcz"]
[Date "2022.06.28"]
[Round "4.10"]
[White "Golubka, Petro"]
[Black "Fiedorek, Michal"]
[Result "1/2-1/2"]
[ECO "B18"]
[WhiteElo "2380"]
[BlackElo "2315"]
[Annotator "TA"]
[PlyCount "68"]
[EventDate "2022.06.25"]
[EventType "swiss"]
[EventCountry "POL"]
[SourceTitle "playchess.com"]
[Source "ChessBase"]
[SourceQuality "1"]
[TimeControl "40/5400+30:1800+30"]

1. e4 c6 2. d4 d5 3. Nd2 dxe4 4. Nxe4 Bf5 5. Nc3 Nf6 6. Bc4 {[%emt 0:00:17] B18: Classical Caro-Kann: 4...Bf5 sidelines.} e6 7. Nf3 Bd6 8. h3 {[%emt 0:01:46] [#] The position is equal.} h6 $146 ({Predecessor:} 8... O-O 9. Bg5 Nbd7 10. O-O Qc7 11. Qe2 h6 12. Be3 Nd5 13. Nxd5 exd5 14. Bd3 Bxd3 15. Qxd3 {0-1 (34) Dhemrait,S-Towers,N (1849) England 2015}) 9. Qe2 Nbd7 10. a3 Qc7 11. Be3 Nb6 12. Bd3 Bxd3 13. Qxd3 Nbd5 14. O-O g5 15. Nxd5 cxd5 16. b3 Rc8 17. Rfc1 Qc3 18. Qb5+ Qc6 (18... Ke7 {looks sharper.} 19. Bd2 Qc6 20. Qd3 Ne4) 19. a4 O-O 20. Qf1 Bb8 21. c4 dxc4 22. bxc4 Qe4 23. Nd2 Qg6 24. g3 (24. Rcb1 $5 ) 24... Nh5 25. Rab1 f5 26. Qd3 ({Reject} 26. Rxb7 f4 27. gxf4 gxf4+ 28. Qg2 Qxg2+ 29. Kxg2 fxe3 30. fxe3 Ng7 $17) 26... Qf7 {[%emt 0:07:06] aiming for ...f4.} 27. d5 e5 {[%emt 0:02:22][%cal Be6e5,Be5e4][%mdl 32] White should prevent ...f4.} 28. g4 e4 29. Qe2 Nf4 30. Bxf4 Bxf4 31. Rc3 Be5 (31... Rc7 $5 ) 32. Rcb3 fxg4 33. Nxe4 Qf4 {[%emt 0:00:19] [#] ( -> ...Qh2+)} 34. Qxg4 {[%emt 0:02:33] Hoping for Qe6+. Chess con chili.} Qxg4+ {[%emt 0:04:07] Weighted Error Value: White=0.07 (flawless) /Black=0.07 (flawless)} 1/2-1/2

[Event "VII Totalizator Sportowy 2022"]
[Site "Bydgoszcz"]
[Date "2022.06.28"]
[Round "4.11"]
[White "Rudzinska, Michalina"]
[Black "Kucza, Karol"]
[Result "0-1"]
[ECO "C24"]
[WhiteElo "2236"]
[BlackElo "2305"]
[Annotator "TA"]
[PlyCount "103"]
[EventDate "2022.06.25"]
[EventType "swiss"]
[EventCountry "POL"]
[SourceTitle "playchess.com"]
[Source "ChessBase"]
[SourceQuality "1"]
[TimeControl "40/5400+30:1800+30"]

1. e4 e5 2. Bc4 Nf6 3. d3 c6 4. Nf3 d5 5. Bb3 a5 6. a4 {[%emt 0:00:10] C24: Bishop's Opening: 2...Nf6.} (6. Nxe5 $2 a4 7. Bxd5 cxd5 8. exd5 Nxd5 $19) 6... Bb4+ 7. c3 Bd6 8. O-O {The position is equal.} dxe4 {[%emt 0:13:01] [#]} 9. Ng5 $146 ({Predecessor:} 9. dxe4 O-O 10. Na3 Qe7 11. Qe2 Nbd7 12. Nc4 Bc7 13. Bc2 b6 14. b3 Nc5 15. Ba3 {½-½ (30) Henderson,G (2306)-Konstantinov,M (2401) ICCF email 2017}) 9... O-O 10. Nxe4 Nxe4 11. dxe4 Qf6 12. Qh5 h6 {[%emt 0:11:14] Prevents Bg5.} 13. Na3 Be6 14. Bxe6 Qxe6 15. Be3 Nd7 16. Qe2 Nc5 17. Qc4 Qe7 18. Rfd1 {[%emt 0:01:26][%cal Od1d6] Strongly threatening Rxd6!} Ne6 19. Qb3 Bc5 20. Nc4 Rfd8 21. Rxd8+ (21. Nxe5 $2 Bxe3 22. fxe3 Nc5 23. Rxd8+ Rxd8 $19) 21... Rxd8 22. Rd1 Bxe3 (22... b5 $5 23. Rxd8+ (23. Nxe5 Bxe3 24. fxe3 Qg5 $17) (23. axb5 cxb5 24. Rxd8+ Qxd8 $11) 23... Qxd8 24. axb5 a4 $15) 23. Nxe3 Nc5 24. Rxd8+ Qxd8 $11 {[%emt 0:00:06][%mdl 4096] Endgame KQN-KQN} 25. Qc4 Nd3 26. Qb3 (26. h4 $11 {remains equal.}) 26... Qh4 $1 $17 27. g3 Qxe4 28. Qxb7 Qf3 (28... Qxa4 $2 29. Qc8+ Kh7 30. Qf5+ Kg8 31. Qxd3 $18) 29. Qc8+ Kh7 30. Qf5+ Qxf5 {[%emt 0:00:04] Black is more active.} 31. Nxf5 Nxb2 {[%emt 0:00:05] KN-KN} 32. Ne7 c5 33. Nc6 Nxa4 34. c4 Kg6 35. Nxe5+ $2 {[%emt 0:03:38] Loses the game.} (35. Nxa5 $17 {keeps fighting.} Nb2 36. Kg2) 35... Kf5 $1 $19 36. Nc6 Ke4 37. Nxa5 Nb6 38. Nb3 {[%emt 0:01:18] [#]} Nd7 $1 ({Stronger than} 38... Nxc4 39. Nxc5+ Kf3 40. Nd3 $11) 39. f4 Kd3 40. Na5 Nb6 41. Kf2 Kd4 ({Inferior is} 41... Nxc4 42. Nb3 $11) 42. Nc6+ $2 (42. Nb7 {was necessary.} Nxc4 43. Ke2) 42... Kxc4 43. Ne5+ {[%emt 0:00:08] [#]} Kb3 $1 44. Nxf7 c4 {[%emt 0:00:07][%cal Bc5c4,Bc4c3,Bc3c2][%mdl 32] And now ...c3 would win.} 45. Ne5 c3 {[%emt 0:00:06] Threatens to win with ...c2.} 46. Nd3 $2 (46. Nf3 Nc4 47. Nd4+ Kb2 48. Kf3) 46... c2 {[%emt 0:00:07] Black is clearly winning.} 47. Ke2 Kc3 48. h3 Nd7 49. Ke3 {[%emt 0:01:37] [#]} Nc5 $1 50. Nc1 Kb2 51. Ne2 Na4 {[%emt 0:00:14] ( -> ...Nc3)} 52. Kd4 {Against Nc3.  Weighted Error Value: White=0.64/Black=0.10 (very precise)} 0-1

[Event "VII Totalizator Sportowy 2022"]
[Site "Bydgoszcz"]
[Date "2022.06.28"]
[Round "4.12"]
[White "Prokofiev, Valentyn"]
[Black "Dubnevych, Maksym"]
[Result "1-0"]
[ECO "B31"]
[WhiteElo "2362"]
[BlackElo "2048"]
[Annotator "TA"]
[PlyCount "131"]
[EventDate "2022.06.25"]
[EventType "swiss"]
[EventCountry "POL"]
[SourceTitle "playchess.com"]
[Source "ChessBase"]
[SourceQuality "1"]
[TimeControl "40/5400+30:1800+30"]

1. e4 c5 2. Nf3 Nc6 3. Bb5 g6 4. Bxc6 dxc6 5. d3 Qc7 6. h3 {[%emt 0:00:35] B31: Sicilian: 2...Nc6 3 Bb5 g6.} e5 7. Be3 {[%emt 0:00:05] [#]} Be7 $146 ({Predecessor:} 7... f6 8. Qd2 Be6 9. a3 a5 10. Nc3 b6 11. Ng1 Bd6 12. Nge2 Ne7 13. f4 f5 {1-0 (83) Giri,A (2779)-Dubov,D (2700) Paris 2019}) 8. Qd2 {[%emt 0:05:21] White is slightly better.} Nf6 9. Qc3 Nd7 10. O-O f6 11. Nfd2 g5 12. a4 a5 13. Na3 b6 14. Nac4 $2 (14. Ndc4 $11) 14... Nf8 $2 (14... b5 $1 $17 15. axb5 cxb5) 15. Qb3 $11 Rb8 16. c3 Ng6 17. d4 Be6 {[%emt 0:05:35] Against d5} 18. dxc5 bxc5 19. Qa3 Qa7 20. b4 Qa6 21. b5 $1 cxb5 22. axb5 Rxb5 23. Nxa5 O-O 24. Nac4 {[%emt 0:02:54] Pair of Knights!} Qxa3 25. Rxa3 f5 (25... Rd8 $11 {keeps the balance.}) 26. exf5 $16 Bxf5 27. Ra7 Bd3 ({Black should try} 27... Rfb8) 28. Re1 (28. Rfa1 $142) 28... e4 {[%emt 0:12:30] [#]} 29. Ne5 $1 Nxe5 30. Rxe7 Ng6 31. Rc7 Nf4 32. c4 ({Resist} 32. Rxc5 $6 Rxc5 33. Bxc5 Rf5 $14) 32... Ra5 33. Bxc5 Ne6 34. Bxf8 {[%emt 0:00:04] White is more active.} Nxc7 35. Bd6 (35. Bh6 $142 $1) 35... Ne8 36. Bg3 Nf6 37. Rc1 {[%emt 0:04:07] Threatens to win with c5.} Ra2 {[%emt 0:04:06] [#]} 38. Nf1 Bxf1 (38... Nd7 $16 {was called for.}) 39. Kxf1 {[%emt 0:00:16][%mdl 4096] Endgame KRB-KRN} ({Not} 39. Rxf1 Rc2 $14) 39... e3 40. fxe3 {[%emt 0:00:00] Strongly threatening c5.} Ne4 41. Be5 Kf7 42. Kg1 Ke6 43. Bd4 Ng3 {[%emt 0:03:46] [#] aiming for ...Ne2+.} 44. Rb1 (44. Kh2 $1 $18 Ne2 45. Rb1) 44... Rc2 45. Rb6+ Kf5 46. Rf6+ (46. Rb5+ $16 Ke6 47. Be5) 46... Ke4 $11 47. h4 Ne2+ (47... gxh4 $11 48. Rf4+ Kd3 49. Rxh4 Rxc4) 48. Kh2 $1 $14 Nxd4 49. exd4 gxh4 {[%emt 0:02:44] KR-KR. This move loses the game for Black.} (49... Rxc4 $14 50. hxg5 Rxd4) 50. Rh6 $18 Kxd4 $2 (50... Rxc4 51. Rxh7 Ke3) 51. Rxh7 Ke5 52. Rxh4 Kf5 53. Rh5+ Ke6 54. c5 Rc3 55. g3 Kf6 56. Kh3 Rc4 57. Rh6+ Kg5 58. Rc6 Rc1 59. Rc8 Rh1+ 60. Kg2 Rh7 $2 (60... Rc1 $18 61. c6 Kg6) 61. c6 Rf7 62. Ra8 (62. Rb8 $142 Rc7 63. Rb5+ Kf6 64. Rc5 Ke7 65. g4 Kd6 66. Rc2 Ke7 67. Kf3) 62... Rc7 63. Ra5+ Kg4 64. Rc5 {[%emt 0:00:07] White mates.} Rh7 65. Rc4+ Kg5 66. c7 {[%emt 0:00:03] Weighted Error Value: White=0.19 (very precise) /Black=0.27 (precise)} 1-0

[Event "VII Totalizator Sportowy 2022"]
[Site "Bydgoszcz"]
[Date "2022.06.28"]
[Round "4.13"]
[White "Sernecki, Franciszek"]
[Black "Zalega, Maciej"]
[Result "1-0"]
[ECO "E91"]
[WhiteElo "2272"]
[BlackElo "2051"]
[Annotator "TA"]
[PlyCount "61"]
[EventDate "2022.06.25"]
[EventType "swiss"]
[EventCountry "POL"]
[SourceTitle "playchess.com"]
[Source "ChessBase"]
[SourceQuality "1"]
[TimeControl "40/5400+30:1800+30"]

1. d4 Nf6 2. c4 g6 3. Nc3 Bg7 4. e4 d6 5. Nf3 O-O 6. Be2 Nc6 7. d5 Ne5 8. Nxe5 dxe5 9. O-O e6 10. Be3 $1 {10.Be3 scores better than 10.Bg5.} exd5 {[%emt 0:24:30] E91: King's Indian: Classical: 6 Be2, unusual replies including 6...c5 and 6...Bg4.} 11. cxd5 Ne8 12. Rc1 Nd6 {[%emt 0:07:44] White is slightly better.} 13. Nb5 Nxb5 14. Bxb5 {[%emt 0:00:02] [#]} a6 $146 ({Predecessor:} 14... f5 15. f3 Kh8 16. Qc2 f4 17. Bc5 Rf7 18. Rfd1 a6 19. Bc4 b5 20. Bb3 Rd7 {1-0 (37) Graelken,M (2179)-Sparwel,O (1933) Germany 2003}) 15. Ba4 {[%emt 0:04:46] White is much more active. The black rooks are badly placed.} Bd7 16. Bxd7 Qxd7 17. Qb3 b6 $2 {[%emt 0:06:03] [#] Loses the game.} (17... Rfb8 $16 {was worth a try.}) 18. Rc6 $1 $18 Kh8 19. Rfc1 Ra7 20. Qc2 f5 21. Rxc7 Rxc7 22. Qxc7 Qa4 (22... Qxc7 23. Rxc7 fxe4) 23. d6 {[%emt 0:11:39] [#] And now d7 would win.} f4 24. Bxb6 {[%emt 0:03:21][%cal Be3b6,Bb6d8,Bd8f6][%mdl 32] Strongly threatening d7.} Qxe4 25. d7 Bf6 26. Qd6 Kg7 27. d8=R Bxd8 28. Bxd8 {[%emt 0:00:06] Threatening mate with Rc7+.} f3 29. Rc7+ {[%emt 0:01:24] White mates.} Rf7 30. Bf6+ Kh6 31. Qd2+ {[%emt 0:00:06] Weighted Error Value: White=0.07 (flawless) /Black=0.67} 1-0

[Event "VII Totalizator Sportowy 2022"]
[Site "Bydgoszcz"]
[Date "2022.06.28"]
[Round "4.14"]
[White "Ulasevich, Sergei"]
[Black "Ratajczak, Hubert"]
[Result "1-0"]
[ECO "C42"]
[WhiteElo "2217"]
[BlackElo "1899"]
[Annotator "RC"]
[PlyCount "83"]
[EventDate "2022.06.25"]
[EventType "swiss"]
[EventCountry "POL"]
[SourceTitle "playchess.com"]
[Source "ChessBase"]
[SourceQuality "1"]
[TimeControl "40/5400+30:1800+30"]

1. e4 e5 2. Nf3 Nf6 3. Nxe5 d6 4. Nf3 Nxe4 5. Nc3 Nxc3 6. dxc3 Be7 7. Be3 O-O 8. Qd2 Nd7 9. O-O-O c6 10. h4 d5 11. Kb1 h6 12. g4 Nc5 13. Ne5 Ne4 14. Qc1 Bf6 15. f4 Qa5 16. Bd3 Be6 17. a3 Nc5 18. Be2 Ne4 19. Rdg1 c5 20. Bd3 Qc7 21. Qe1 b6 22. Nf3 g6 23. f5 Bd7 24. g5 Bh8 25. f6 h5 26. Nd2 Rfe8 27. Nxe4 dxe4 28. Bc4 b5 29. Bd5 Rab8 30. c4 b4 31. axb4 Rxb4 32. Qc3 Reb8 33. b3 a5 34. Rf1 Qa7 35. Bf4 R8b6 36. Qe5 Bxf6 37. gxf6 Rxb3+ 38. cxb3 Rxb3+ 39. Ka2 Qb6 40. Bxf7+ Kh8 41. Rb1 a4 42. Bxg6 1-0

[Event "VII Totalizator Sportowy 2022"]
[Site "Bydgoszcz"]
[Date "2022.06.28"]
[Round "4.15"]
[White "Jarocka, Liwia"]
[Black "Kacprzak, Karol"]
[Result "1-0"]
[ECO "B40"]
[WhiteElo "2006"]
[BlackElo "2200"]
[Annotator "RC"]
[PlyCount "73"]
[EventDate "2022.06.25"]
[EventType "swiss"]
[EventCountry "POL"]
[SourceTitle "playchess.com"]
[Source "ChessBase"]
[SourceQuality "1"]
[TimeControl "40/5400+30:1800+30"]

1. e4 c5 2. Nf3 e6 3. c3 Nf6 4. e5 Nd5 5. d4 cxd4 6. cxd4 Nc6 7. Nc3 Nxc3 8. bxc3 d6 9. Bb5 Bd7 10. exd6 Bxd6 11. O-O O-O 12. Ng5 Be7 13. Ne4 Na5 14. Bd3 Rc8 15. Qh5 f5 16. Ng5 h6 17. Nh3 Qe8 18. Qe2 g5 19. Re1 Bd6 20. c4 Nc6 21. Qb2 b6 22. d5 Nb4 23. Bb1 Qg6 24. c5 Bxc5 25. dxe6 Rce8 26. Bd2 Rxe6 27. Bxb4 Bxb4 28. Qxb4 Rxe1+ 29. Qxe1 Re8 30. Qd1 Qd6 31. Bc2 Qe5 32. Bb3+ Kh8 33. Nxg5 hxg5 34. Qh5+ Kg7 35. Qxg5+ Kh7 36. Rf1 Bb5 37. Bf7 1-0

[Event "VII Totalizator Sportowy 2022"]
[Site "Bydgoszcz"]
[Date "2022.06.28"]
[Round "4.16"]
[White "Chojnacki, Krzysztof"]
[Black "Starosciak, Szymon"]
[Result "1-0"]
[ECO "D35"]
[WhiteElo "2371"]
[BlackElo "1901"]
[Annotator "TA"]
[PlyCount "97"]
[EventDate "2022.06.25"]
[EventType "swiss"]
[EventCountry "POL"]
[SourceTitle "playchess.com"]
[Source "ChessBase"]
[SourceQuality "1"]
[TimeControl "40/5400+30:1800+30"]

1. d4 d5 2. c4 e6 3. Nc3 Nf6 4. cxd5 exd5 5. Bg5 c6 6. e3 Bd6 7. Bd3 O-O 8. Qc2 h6 9. Bh4 Re8 10. Nf3 Be6 {D35: Queen's Gambit Declined: Exchange Variation.} 11. O-O Nbd7 {Inhibits Ne5.} 12. Rfe1 Qb8 {[%emt 0:23:03] The position is equal.} 13. Bg3 Bxg3 14. hxg3 Qd6 15. Rab1 a5 16. a3 Rec8 {[%emt 0:28:16] [#]} 17. Rbc1 $146 ({Predecessor:} 17. b4 axb4 18. axb4 b5 19. e4 dxe4 20. Bxe4 Nb6 21. Bf5 Bxf5 22. Qxf5 Nbd5 23. Nxd5 Nxd5 {0-1 (41) Papasimakopoulos,A (2274)-Salinas Herrera,P (2513) Chess.com INT 2021}) 17... Bg4 18. Na4 Bxf3 (18... Re8 $11 {feels stronger.}) 19. gxf3 $14 b6 20. Bf5 {[%emt 0:05:08] e4 is the strong threat.} g6 21. Bxg6 fxg6 $11 22. Qxg6+ Kf8 23. e4 (23. Kg2 $5 ) 23... dxe4 24. fxe4 Qxd4 25. e5 Ng4 26. Qf5+ Ke7 $1 {[%emt 0:04:23] Hoping for ...Rf8.} 27. Red1 {[%emt 0:02:07] The board is on fire.} (27. Re4 {with more complications.} Qxf2+ 28. Qxf2 Nxf2 29. Kxf2 Rf8+ 30. Ke3) 27... Qxf2+ 28. Qxf2 Nxf2 29. Rxd7+ {[%emt 0:01:27][%mdl 64] Remove Defender, Decoy} Kxd7 30. Nxb6+ Ke6 {[%emt 0:01:07] Strongly threatening ...Nd3.} 31. Nxc8 Rxc8 32. Kxf2 {[%emt 0:00:44][%mdl 4096] Endgame KR-KR} c5 33. Ke3 Kxe5 34. Rh1 Kd5 35. Rxh6 Rb8 (35... Rg8 $11) 36. Rh2 $14 Ke5 $2 {[%emt 0:03:00][%mdl 8192] A mistake that costs the game.} (36... Re8+ $14 37. Kd2 Kc4) 37. Kd3 $18 Kd5 {[%emt 0:00:10] [#]} 38. Rg2 $1 c4+ {[%emt 0:03:20] [#]} 39. Kc2 $1 {[%emt 0:03:06] Threatens to win with g4.} Rb3 $2 (39... Rb5 40. Rd2+ Kc6) 40. g4 a4 (40... Kd6 $142 41. g5 Ke7) 41. g5 {[%emt 0:01:18] aiming for g6.} c3 42. bxc3 {[%emt 0:00:34][%cal Bb2c3,Bc3c4][%mdl 32] Black must now prevent Kd3.} Rxa3 43. Kd3 Rb3 44. g6 Rb8 45. g7 Rg8 46. c4+ Kc5 47. Kc3 a3 48. Rg5+ Kc6 49. Kb3 {[%emt 0:00:12] Weighted Error Value: White=0.04 (flawless) /Black=0.51} 1-0

[Event "VII Totalizator Sportowy 2022"]
[Site "Bydgoszcz"]
[Date "2022.06.28"]
[Round "4.17"]
[White "Kowalski, Igor"]
[Black "Prieb, Robert"]
[Result "1-0"]
[ECO "D86"]
[WhiteElo "2370"]
[BlackElo "2034"]
[Annotator "TA"]
[PlyCount "53"]
[EventDate "2022.06.25"]
[EventType "swiss"]
[EventCountry "POL"]
[SourceTitle "playchess.com"]
[Source "ChessBase"]
[SourceQuality "1"]
[TimeControl "40/5400+30:1800+30"]

1. d4 Nf6 2. c4 g6 3. Nc3 d5 4. cxd5 Nxd5 5. e4 Nxc3 6. bxc3 Bg7 7. Bc4 c5 8. Ne2 O-O 9. O-O Nc6 10. Be3 Qc7 {[%emt 0:00:56] 10...Bg4 is a critical line.} 11. Rc1 b6 12. h4 {[%emt 0:00:45] D87: Exchange Grünfeld: Classical Line: Variations without ...cxd4.} h5 {[%emt 0:02:44] [#]} 13. Nf4 $146 {[%emt 0:12:37] And now Nxg6 would win.} ({Predecessor:} 13. Qd2 e6 14. Bh6 Na5 15. Bxg7 Kxg7 16. Bd3 Bb7 17. e5 Nc6 18. Qg5 Qe7 19. Qg3 cxd4 {1-0 (47) Sirosh,I (2405)-Papp,P (2338) Chess.com INT 2020}) 13... Na5 (13... e6 $1 $11) 14. Bd3 $1 $16 {[%emt 0:14:52] White is better.} Bb7 15. e5 e6 {[%emt 0:14:29] [#]} 16. g4 (16. Nxh5 $1 $16 {aiming for Nf4.} gxh5 17. Qxh5) 16... Qc6 (16... Qd8 $1 $11 {keeps the balance.} 17. g5 Qd7) 17. Kh2 {[%emt 0:01:04] Active counter play!} f6 $2 {[%emt 0:14:31][%mdl 8192] This move loses the game for Black.} (17... Bh6 $16 {might work better.} 18. Rg1 Bxf4+ 19. Bxf4 Qf3 20. Qxf3 Bxf3) 18. Rg1 $18 ({Not} 18. d5 exd5 19. Nxg6 Qc7 $16) 18... fxe5 19. Nxg6 Qd6 {[%emt 0:00:47][%cal Re5d4] Against Ne7+} 20. dxe5 (20. dxc5 bxc5 21. Bc2 (21. Nxf8 e4+ 22. Rg3 exd3 $16) 21... Qxd1 22. Rcxd1 Rf7 23. gxh5 (23. Bxc5 hxg4 24. Ne7+ Kh8 $18) 23... Nc4 24. Bxc5 Bf3 25. Ne7+ Rxe7 $18) 20... Bxe5+ 21. f4 $1 Rxf4 22. Nxf4 ({Less strong is} 22. Nxe5 Qxe5 23. Bxf4 (23. gxh5+ Rg4+ 24. Kh3 Qxe3+ $11) 23... Qxf4+ 24. Kh3 Bf3 25. gxh5+ Kh8 $18) 22... Bxf4+ 23. Kh3 Kh8 {[%emt 0:03:46] [#] ...Rd8 is the strong threat.} 24. g5 $1 Bxe3 (24... Kg8 25. Bh7+) 25. Qxh5+ {[%emt 0:00:05] White mates.} Kg8 26. Qh7+ Kf8 27. g6 {[%emt 0:01:40] Weighted Error Value: White=0.06 (flawless) /Black=0.95} 1-0

[Event "VII Totalizator Sportowy 2022"]
[Site "Bydgoszcz"]
[Date "2022.06.28"]
[Round "4.18"]
[White "Perkampus, Laurin"]
[Black "Kulon, Klaudia"]
[Result "1-0"]
[ECO "D31"]
[WhiteElo "2061"]
[BlackElo "2305"]
[Annotator "TA"]
[PlyCount "27"]
[EventDate "2022.06.25"]
[EventType "swiss"]
[EventCountry "POL"]
[SourceTitle "playchess.com"]
[Source "ChessBase"]
[SourceQuality "1"]
[TimeControl "40/5400+30:1800+30"]

1. d4 d5 2. c4 e6 3. Nc3 c6 4. e4 dxe4 5. Nxe4 Bb4+ 6. Bd2 Qxd4 7. Bxb4 Qxe4+ 8. Be2 Na6 9. Bd6 {Threatens to win with Nf3.} Qh4 {[#] D31: Queen's Gambit Declined: Semi-Slav without ...Nf6 (+ Marshall Gambit and Noteboom) and Exchange Variation lines without ...Nf6.} (9... Qxg2 $11 {keeps the balance.} 10. Bf3 Qg6) 10. Qd2 $146 {[%mdl 1024] White has strong compensation.} ({Predecessor:} 10. Nf3 Qd8 11. Qd4 f6 12. O-O-O Ne7 13. Qc3 Kf7 14. g4 h6 15. h4 Qb6 16. g5 hxg5 17. hxg5 Bd7 18. gxf6 gxf6 19. Ng5+ {1-0 (19) Vinogradov,A (2309)-Protopopova,A (2123) Voronezh 2017}) 10... Qd8 (10... Nh6 $142) 11. O-O-O {White is much more active.} (11. Qc3 $142) 11... f6 $2 {[#]} (11... Ne7 $16) 12. Qc3 {Hoping for Nh3.} Ne7 13. Bh5+ {This bishop pair is nice.} Ng6 (13... g6 {might work better.}) 14. Nh3 {White took control after the opening.  Weighted Error Value: White=0.22 (precise) /Black=0.92} 1-0